[Event "Lozovatsky Memorial-A 2020"]
[Site "Chelyabinsk"]
[Date "2020.01.16"]
[Round "2.1"]
[White "Drygalov, Andrey"]
[Black "Kostenko, Petr"]
[Result "1/2-1/2"]
[ECO "C55"]
[WhiteElo "2492"]
[BlackElo "2433"]
[Annotator "ChessBase"]
[PlyCount "124"]
[EventDate "2020.01.15"]
[EventType "tourn"]
[EventCountry "RUS"]
[SourceTitle "playchess.com"]
[Source "ChessBase"]
[SourceQuality "1"]
[TimeControl "5400+30"]

1. e4 e5 2. Nf3 Nc6 3. Bc4 Nf6 4. d3 h6 5. c3 d6 6. O-O g5 7. Re1 g4 8. Nfd2 h5 9. Nf1 h4 10. Bg5 Rh5 11. Qc1 Be7 12. Bxf6 Bxf6 13. Qd1 Bg7 14. Na3 a6 15. Nc2 Qg5 16. Nce3 Ne7 17. a4 Rh6 18. Qb3 Qh5 19. Qd1 Qg6 20. Qb3 Bf6 21. Rad1 Rh7 22. d4 Kf8 23. Rd2 Rh5 24. Qd1 Bd7 25. Be2 Rg5 26. Nc4 h3 27. Ng3 hxg2 28. dxe5 Bxe5 29. Nxe5 Rxe5 30. f4 gxf3 31. Bxf3 Qh6 32. Rf2 Re8 33. Bxg2 Be6 34. Qf3 Nc6 35. Qf4 Qxf4 36. Rxf4 Rg5 37. Rh4 Ke7 38. Bh3 Ne5 39. Rf1 Reg8 40. Bxe6 fxe6 41. Rh7+ R5g7 42. Rxg7+ Rxg7 43. b3 a5 44. b4 Nd7 45. Rb1 Rg5 46. Kg2 Kf6 47. h4 Rg8 48. Rf1+ Ke5 49. Rf7 Nf6 50. Kf3 b6 51. Rxc7 Rf8 52. Ke2 axb4 53. cxb4 Ra8 54. Rb7 Rxa4 55. Rxb6 Kf4 56. Rxd6 Kxg3 57. Rxe6 Nh5 58. Rb6 Ra3 59. Kd2 Kf4 60. Rb8 Ng3 61. b5 Nxe4+ 62. Kc2 Nd6 1/2-1/2

[Event "Lozovatsky Memorial-A 2020"]
[Site "Chelyabinsk"]
[Date "2020.01.18"]
[Round "4.1"]
[White "Drygalov, Andrey"]
[Black "Remizov, Yaroslav"]
[Result "1/2-1/2"]
[ECO "B13"]
[WhiteElo "2492"]
[BlackElo "2382"]
[Annotator "ChessBase"]
[PlyCount "111"]
[EventDate "2020.01.15"]
[EventType "tourn"]
[EventCountry "RUS"]
[SourceTitle "playchess.com"]
[Source "ChessBase"]
[SourceQuality "1"]
[TimeControl "5400+30"]

1. e4 c6 2. d4 d5 3. exd5 cxd5 4. Bd3 Nc6 5. c3 Qc7 6. h3 g6 7. Nf3 Nf6 8. O-O Bf5 9. Re1 Bxd3 10. Qxd3 Bg7 11. Nbd2 O-O 12. Nb3 Rae8 13. Be3 e6 14. Nc5 Nd7 15. Nb3 Na5 16. Nxa5 Qxa5 17. Bf4 Rc8 18. Ne5 Nxe5 19. Bxe5 Bxe5 20. Rxe5 b5 21. a3 Qa4 22. h4 b4 23. cxb4 Qc2 24. Qe2 Qxe2 25. Rxe2 Rc4 26. Rd1 Rfc8 27. Kf1 Kg7 28. g3 Kf6 29. Re3 Rc2 30. Rf3+ Ke7 31. Rb3 Kd6 32. Rdd3 Rc1+ 33. Ke2 R8c2+ 34. Rd2 Rc4 35. Rf3 f5 36. Rfd3 Rb1 37. Kf3 h6 38. Re2 g5 39. hxg5 hxg5 40. b3 Rc7 41. Rde3 Re7 42. Rc3 g4+ 43. Kf4 Rd1 44. Kg5 Rxd4 45. Kf6 Re8 46. b5 Re4 47. Rc6+ Kd7 48. Rec2 Rf8+ 49. Kg7 Rb8 50. Rc7+ Kd6 51. Kf6 Rb6 52. Rxa7 Rxb5 53. Ra6+ Kd7 54. Ra7+ Kd6 55. Ra6+ Kd7 56. Ra7+ 1/2-1/2

[Event "Lozovatsky Memorial-A 2020"]
[Site "Chelyabinsk"]
[Date "2020.01.18"]
[Round "4.2"]
[White "Gutenev, Alexander"]
[Black "Kostenko, Petr"]
[Result "1-0"]
[ECO "B43"]
[WhiteElo "2457"]
[BlackElo "2433"]
[Annotator "ChessBase"]
[PlyCount "95"]
[EventDate "2020.01.15"]
[EventType "tourn"]
[EventCountry "RUS"]
[SourceTitle "playchess.com"]
[Source "ChessBase"]
[SourceQuality "1"]
[TimeControl "5400+30"]

1. e4 c5 2. Nf3 e6 3. d4 cxd4 4. Nxd4 a6 5. Nc3 b5 6. Bd3 Qb6 7. Nf3 Qc7 8. O-O Bb7 9. Re1 Nf6 10. e5 Nd5 11. Ne4 Nc6 12. c4 bxc4 13. Bxc4 Nxe5 14. Bxd5 Bxd5 15. Nxe5 Bb4 16. Nc3 Bxc3 17. bxc3 Qxc3 18. Bf4 O-O 19. Nxd7 Rfd8 20. Be5 Qb4 21. a3 Qh4 22. Bg3 Qg5 23. Nb6 Bxg2 24. Qc1 Qa5 25. Nxa8 Bxa8 26. Qc7 Qd5 27. f3 Re8 28. Qc3 Qxf3 29. Qxf3 Bxf3 30. Rab1 Bc6 31. Rb6 Bb5 32. Rc1 h6 33. Rc7 Rd8 34. Rbb7 Rd1+ 35. Kf2 Rf1+ 36. Ke3 Rf5 37. Rc2 g5 38. Rf2 Rxf2 39. Bxf2 Kg7 40. Kd4 Kg6 41. Rxb5 axb5 42. Kc5 e5 43. Kxb5 e4 44. a4 f5 45. a5 f4 46. Kc4 e3 47. Bxe3 fxe3 48. Kd3 1-0

[Event "Lozovatsky Memorial-A 2020"]
[Site "Chelyabinsk"]
[Date "2020.01.18"]
[Round "4.3"]
[White "Korneev, Oleg"]
[Black "Salemgareev, Tagir"]
[Result "1/2-1/2"]
[ECO "A46"]
[WhiteElo "2513"]
[BlackElo "2458"]
[Annotator "ChessBase"]
[PlyCount "37"]
[EventDate "2020.01.15"]
[EventType "tourn"]
[EventCountry "RUS"]
[SourceTitle "playchess.com"]
[Source "ChessBase"]
[SourceQuality "1"]
[TimeControl "5400+30"]

1. d4 Nf6 2. Nf3 e6 3. Bf4 b6 4. e3 Bb7 5. Nbd2 Bd6 6. Bg3 Bxg3 7. hxg3 d6 8. Bd3 Nbd7 9. c3 Qe7 10. Qe2 e5 11. e4 O-O 12. O-O Rfe8 13. Rfe1 g6 14. a4 a5 15. d5 c6 16. dxc6 Bxc6 17. Bb5 Rec8 18. Bxc6 Rxc6 19. c4 1/2-1/2

[Event "Lozovatsky Memorial-A 2020"]
[Site "Chelyabinsk"]
[Date "2020.01.18"]
[Round "4.4"]
[White "Bezgodov, Alexei"]
[Black "Harutjunyan, Gevorg"]
[Result "1/2-1/2"]
[ECO "B19"]
[WhiteElo "2456"]
[BlackElo "2444"]
[Annotator "ChessBase"]
[PlyCount "95"]
[EventDate "2020.01.15"]
[EventType "tourn"]
[EventCountry "RUS"]
[SourceTitle "playchess.com"]
[Source "ChessBase"]
[SourceQuality "1"]
[TimeControl "5400+30"]

1. e4 c6 2. d4 d5 3. Nc3 dxe4 4. Nxe4 Bf5 5. Ng3 Bg6 6. Nf3 Nd7 7. h4 h6 8. h5 Bh7 9. Bd3 Bxd3 10. Qxd3 e6 11. Bf4 Qa5+ 12. Bd2 Qc7 13. O-O-O Ngf6 14. Ne4 Be7 15. Nxf6+ Bxf6 16. g3 Qb6 17. c3 O-O-O 18. Kb1 Qb5 19. Qxb5 cxb5 20. Kc2 Nb6 21. Ne5 Bxe5 22. dxe5 Nc4 23. Bf4 Kc7 24. Rxd8 Rxd8 25. Rh4 Rh8 26. Rg4 Rh7 27. b3 Nb6 28. Be3 Nd7 29. Rf4 g5 30. hxg6 fxg6 31. Rg4 g5 32. f4 gxf4 33. Bxf4 h5 34. Rh4 Nf8 35. Bg5 Ng6 36. Rh2 Kc6 37. Bf6 Kd5 38. Re2 Rc7 39. Kd2 Ne7 40. Kd3 Nf5 41. Rg2 a6 42. g4 hxg4 43. Rxg4 Rh7 44. a4 Rh3+ 45. Kd2 Rh2+ 46. Kd3 Rh3+ 47. Kd2 Rh2+ 48. Kd3 {[%emt 0:00:02] Ke4+ Kxe4} 1/2-1/2

[Event "Lozovatsky Memorial-A 2020"]
[Site "Chelyabinsk"]
[Date "2020.01.18"]
[Round "4.4"]
[White "Radzhabov, Rodion"]
[Black "Badelka, Olga"]
[Result "*"]
[WhiteElo "2381"]
[BlackElo "2392"]
[Annotator "ChessBase"]
[PlyCount "32"]
[EventDate "2020.01.15"]
[EventType "tourn"]
[EventCountry "RUS"]
[SourceTitle "playchess.com"]
[Source "ChessBase"]
[SourceQuality "1"]
[TimeControl "5400+30"]

1. e4 c6 2. d4 d5 3. Nc3 dxe4 4. Nxe4 Bf5 5. Ng3 Bg6 6. Nf3 Nd7 7. h4 h6 8. h5 Bh7 9. Bd3 Bxd3 10. Qxd3 e6 11. Bf4 Qa5+ 12. Bd2 Qc7 13. O-O-O Ngf6 14. Ne4 Be7 15. Nxf6+ Bxf6 16. g3 Qb6 *

[Event "Lozovatsky Memorial-A 2020"]
[Site "Chelyabinsk"]
[Date "2020.01.18"]
[Round "4.5"]
[White "Bezgodov, Alexei"]
[Black "Harutjunyan, Gevorg"]
[Result "*"]
[WhiteElo "2456"]
[BlackElo "2444"]
[Annotator "ChessBase"]
[PlyCount "29"]
[EventDate "2020.01.15"]
[EventType "tourn"]
[EventCountry "RUS"]
[SourceTitle "playchess.com"]
[Source "ChessBase"]
[SourceQuality "1"]
[TimeControl "5400+30"]

1. Nf3 c5 2. c4 Nc6 3. Nc3 g6 4. e3 Nf6 5. d4 cxd4 6. exd4 d5 7. cxd5 Nxd5 8. Qb3 Nxc3 9. Bc4 e6 10. bxc3 Bd7 11. Be2 Na5 12. Qc2 Bg7 13. Ba3 Bf8 14. Bxf8 Kxf8 15. O-O *

[Event "Lozovatsky Memorial-A 2020"]
[Site "Chelyabinsk"]
[Date "2020.01.18"]
[Round "4.5"]
[White "Radzhabov, Rodion"]
[Black "Badelka, Olga"]
[Result "1/2-1/2"]
[ECO "A04"]
[WhiteElo "2381"]
[BlackElo "2392"]
[Annotator "ChessBase"]
[PlyCount "77"]
[EventDate "2020.01.15"]
[EventType "tourn"]
[EventCountry "RUS"]
[SourceTitle "playchess.com"]
[Source "ChessBase"]
[SourceQuality "1"]
[TimeControl "5400+30"]

1. Nf3 c5 2. c4 Nc6 3. Nc3 g6 4. e3 Nf6 5. d4 cxd4 6. exd4 d5 7. cxd5 Nxd5 8. Qb3 Nxc3 9. Bc4 e6 10. bxc3 Bd7 11. Be2 Na5 12. Qc2 Bg7 13. Ba3 Bf8 14. Bxf8 Kxf8 15. O-O Rc8 16. Qb2 Kg7 17. c4 Nxc4 18. Bxc4 Rxc4 19. d5+ Qf6 20. Qxb7 Bc8 21. Qxa7 exd5 22. Rfe1 Rd8 23. Qe7 Be6 24. Qxf6+ Kxf6 25. h3 d4 26. Rad1 Bf5 27. Rd2 d3 28. Red1 g5 29. Ne1 Ra4 30. f3 Ra3 31. Kf2 Bg6 32. Ke3 h5 33. Nxd3 Rdxd3+ 34. Rxd3 Bxd3 35. Rxd3 Rxa2 36. Rd2 Rxd2 37. Kxd2 Ke5 38. Ke3 f6 39. g4 1/2-1/2

[Event "Lozovatsky Memorial-A 2020"]
[Site "Chelyabinsk"]
[Date "2020.01.19"]
[Round "5.1"]
[White "Harutjunyan, Gevorg"]
[Black "Drygalov, Andrey"]
[Result "1/2-1/2"]
[ECO "B96"]
[WhiteElo "2444"]
[BlackElo "2492"]
[Annotator "ChessBase"]
[PlyCount "48"]
[EventDate "2020.01.15"]
[EventType "tourn"]
[EventCountry "RUS"]
[SourceTitle "playchess.com"]
[Source "ChessBase"]
[SourceQuality "1"]
[TimeControl "5400+30"]

1. e4 c5 2. Nf3 d6 3. d4 cxd4 4. Nxd4 Nf6 5. Nc3 a6 6. Bg5 e6 7. f4 h6 8. Bh4 Qb6 9. Qd3 Qxb2 10. Rb1 Qa3 11. f5 Be7 12. fxe6 Bxe6 13. Nxe6 fxe6 14. e5 dxe5 15. Bxf6 gxf6 16. Be2 e4 17. Qg3 Nd7 18. Rxb7 Rc8 19. O-O Rxc3 20. Qg6+ Kd8 21. Rd1 Rc7 22. Rb8+ Rc8 23. Rb7 Rc7 24. Rb8+ Rc8 1/2-1/2

[Event "Lozovatsky Memorial-A 2020"]
[Site "Chelyabinsk"]
[Date "2020.01.19"]
[Round "5.3"]
[White "Salemgareev, Tagir"]
[Black "Radzhabov, Rodion"]
[Result "1-0"]
[ECO "E12"]
[WhiteElo "2458"]
[BlackElo "2381"]
[Annotator "ChessBase"]
[PlyCount "109"]
[EventDate "2020.01.15"]
[EventType "tourn"]
[EventCountry "RUS"]
[SourceTitle "playchess.com"]
[Source "ChessBase"]
[SourceQuality "1"]
[TimeControl "5400+30"]

1. d4 Nf6 2. c4 e6 3. Nf3 b6 4. a3 Bb7 5. Nc3 Be7 6. d5 O-O 7. e4 d6 8. Bd3 exd5 9. cxd5 Nfd7 10. O-O Bf6 11. Re1 Ne5 12. Nxe5 Bxe5 13. f4 Bd4+ 14. Be3 Qf6 15. Bxd4 Qxd4+ 16. Kh1 Qf2 17. Rf1 Qh4 18. Qd2 Nd7 19. Rac1 a6 20. Ne2 Nc5 21. Bc2 f5 22. exf5 Rae8 23. Ng3 b5 24. b4 Nd7 25. Bd1 Qd8 26. Bf3 Nb6 27. Rfe1 Nc4 28. Qd4 Qf6 29. Qxf6 Rxe1+ 30. Rxe1 Rxf6 31. Kg1 Nxa3 32. Kf2 Kf8 33. Be4 Nc4 34. Ke2 Nb6 35. Rd1 Rf7 36. Ke3 a5 37. bxa5 Nc4+ 38. Kf2 Nxa5 39. Rb1 c6 40. dxc6 Bxc6 41. Bxc6 Nxc6 42. Rxb5 Ra7 43. Rd5 Ke7 44. Kf3 Ra3+ 45. Kg4 Nb4 46. f6+ Kxf6 47. Rxd6+ Kf7 48. Rd7+ Kf8 49. Nh5 Nc2 50. Nxg7 Ne3+ 51. Kg5 Ra6 52. f5 h6+ 53. Kh5 Nxg2 54. Ne6+ Ke8 55. Rd2 1-0

[Event "Lozovatsky Memorial-A 2020"]
[Site "Chelyabinsk"]
[Date "2020.01.19"]
[Round "5.4"]
[White "Kostenko, Petr"]
[Black "Korneev, Oleg"]
[Result "1/2-1/2"]
[ECO "C67"]
[WhiteElo "2433"]
[BlackElo "2513"]
[Annotator "ChessBase"]
[PlyCount "33"]
[EventDate "2020.01.15"]
[EventType "tourn"]
[EventCountry "RUS"]
[SourceTitle "playchess.com"]
[Source "ChessBase"]
[SourceQuality "1"]
[TimeControl "5400+30"]

1. e4 e5 2. Nf3 Nc6 3. Bb5 Nf6 4. O-O Nxe4 5. Re1 Nd6 6. Nxe5 Be7 7. Bf1 Nxe5 8. Rxe5 O-O 9. d4 Bf6 10. Re1 Re8 11. Rxe8+ Nxe8 12. c3 d5 13. Bd3 c6 14. Bf4 g6 15. Nd2 Ng7 16. Nf3 Bf5 17. Be5 1/2-1/2

[Event "Lozovatsky Memorial-A 2020"]
[Site "Chelyabinsk"]
[Date "2020.01.19"]
[Round "5.5"]
[White "Remizov, Yaroslav"]
[Black "Gutenev, Alexander"]
[Result "1/2-1/2"]
[ECO "B40"]
[WhiteElo "2382"]
[BlackElo "2457"]
[Annotator "ChessBase"]
[PlyCount "53"]
[EventDate "2020.01.15"]
[EventType "tourn"]
[EventCountry "RUS"]
[SourceTitle "playchess.com"]
[Source "ChessBase"]
[SourceQuality "1"]
[TimeControl "5400+30"]

1. e4 c5 2. Nf3 e6 3. d4 cxd4 4. Nxd4 Nf6 5. Nc3 Nc6 6. Ndb5 Bc5 7. Bf4 O-O 8. Bc7 Qe7 9. Bd6 Bxd6 10. Qxd6 Qd8 11. Qc7 d5 12. Qxd8 Rxd8 13. exd5 exd5 14. Rd1 Bf5 15. Nc7 Rac8 16. N7xd5 Nxd5 17. Rxd5 Bxc2 18. Bc4 Ne5 19. Rxe5 Rxc4 20. Ke2 Rcd4 21. Rc1 Rd2+ 22. Ke1 a6 23. Nd5 R2xd5 24. Rxd5 Rxd5 25. Rxc2 Kf8 26. Rc7 Ra5 27. Rxb7 1/2-1/2

[Event "Lozovatsky Memorial-A 2020"]
[Site "Chelyabinsk"]
[Date "2020.01.22"]
[Round "8.1"]
[White "Badelka, Olga"]
[Black "Salemgareev, Tagir"]
[Result "0-1"]
[ECO "A06"]
[WhiteElo "2392"]
[BlackElo "2458"]
[Annotator "RC"]
[PlyCount "98"]
[EventDate "2020.01.15"]
[EventType "tourn"]
[EventCountry "RUS"]
[SourceTitle "playchess.com"]
[Source "ChessBase"]
[SourceQuality "1"]
[TimeControl "5400+30"]

1. Nf3 d5 2. d4 Bf5 3. c4 e6 4. Nc3 Nf6 5. Bg5 c6 6. Qb3 Qb6 7. Bxf6 gxf6 8. Qxb6 axb6 9. cxd5 exd5 10. e3 Bb4 11. Kd2 Nd7 12. Nh4 Bg6 13. Bd3 b5 14. a3 Bxc3+ 15. Kxc3 Nb6 16. Nxg6 fxg6 17. g4 Kf7 18. h4 h5 19. g5 fxg5 20. hxg5 Nc4 21. Rh4 Kg7 22. e4 Rhf8 23. exd5 cxd5 24. f4 Rfc8 25. Kb4 Ra4+ 26. Kxb5 Nxb2 27. f5 Ra6 28. f6+ Kf7 29. Bf1 Na4 30. Kb4 Rb6+ 31. Bb5 Nc3 32. a4 Nxb5 33. axb5 Rc4+ 34. Ka5 Re6 35. Rf4 Rc2 36. Kb4 Rc4+ 37. Ka5 Rc2 38. Kb4 Rc4+ 39. Ka5 Rc7 40. Kb4 b6 41. Rf3 Re4 42. Rd3 Rg4 43. Ra6 Rb7 44. Rc3 Rxg5 45. Rc6 h4 46. Raxb6 Rxb6 47. Rxb6 h3 48. Rb7+ Kxf6 49. Rh7 Rh5 0-1

[Event "Lozovatsky Memorial-A 2020"]
[Site "Chelyabinsk"]
[Date "2020.01.22"]
[Round "8.6"]
[White "Drygalov, Andrey"]
[Black "Korneev, Oleg"]
[Result "1-0"]
[ECO "C54"]
[WhiteElo "2492"]
[BlackElo "2513"]
[Annotator "ChessBase"]
[PlyCount "121"]
[EventDate "2020.01.15"]
[EventType "tourn"]
[EventCountry "RUS"]
[SourceTitle "playchess.com"]
[Source "ChessBase"]
[SourceQuality "1"]
[TimeControl "5400+30"]

1. e4 e5 2. Nf3 Nc6 3. Bc4 Bc5 4. c3 Nf6 5. d3 a6 6. O-O Ba7 7. a4 d6 8. Nbd2 O-O 9. h3 Kh8 10. b4 Be6 11. Bxe6 fxe6 12. Re1 Ne7 13. Nf1 Ng6 14. Ng3 d5 15. c4 dxc4 16. dxc4 Qe7 17. Qb3 Rad8 18. a5 Bd4 19. Rb1 h6 20. c5 c6 21. Bb2 Nh7 22. Bxd4 exd4 23. Rbd1 e5 24. Nf5 Qf6 25. Nh2 Rde8 26. Qg3 h5 27. Nf3 Nf4 28. h4 g6 29. Nd6 Re7 30. Nc4 Rg8 31. Ng5 Nxg5 32. Qxg5 Qxg5 33. hxg5 Kg7 34. Nd2 Nd3 35. Re2 Nf4 36. Ree1 Nd3 37. Re2 Nf4 38. Ree1 Rf8 39. Nc4 h4 40. Kh2 Ne6 41. Nxe5 Rxf2 42. Nf3 Nf4 43. Nxh4 Ne6 44. Nf3 Rd7 45. Kg3 Rb2 46. Rb1 Ra2 47. Rb3 d3 48. Rd1 d2 49. Kf2 Nf4 50. Rxd2 Rdxd2+ 51. Nxd2 Rxd2+ 52. Ke3 Rxg2 53. Kxf4 Kf8 54. Rd3 Rb2 55. Ke5 Ke7 56. Rd6 Rxb4 57. Rxg6 Rc4 58. Rg7+ Kd8 59. Rxb7 Kc8 60. Rf7 Rxc5+ 61. Kf6 1-0